 Dungeon Crawl Stone Soup version 0.24.0-13-gcf9b3192b9 (webtiles) character file.

Game seed: 17226997068197050959, levelgen mode: deterministic

119246 mopl the Unseen (level 15, -1/118 HPs)
             Began as a Demigod Enchanter on Nov 6, 2019.
             Slain by a wolf spider (9 damage)
             ... on level 3 of the Spider Nest.
             The game lasted 01:50:44 (26343 turns).

mopl the Unseen (Demigod Enchanter)                Turns: 26343, Time: 01:50:44

Health: -1/118     AC:  9    Str: 21    XL:     15   Next: 80%
Magic:  19/27      EV: 21    Int: 27    God:
Gold:   2006       SH:  5    Dex: 16    Spells: 0/24 levels left

rFire    + . .     SeeInvis +   a - +10 short sword "Othu" {pain, rElec rPois Str+8 Int-3}
rCold    + . .     Gourm    .   j - +0 buckler
rNeg     . . .     Faith    .   x - +0 robe {rC+ rF+}
rPois    +         Spirit   .   p - +2 helmet {SInv}
rElec    +         Reflect  .   I - scarf {repulsion}
rCorr    .         Harm     .   f - +0 pair of gloves {archery}
MR       +....                  J - +2 pair of boots
Stlth    ++++++....             w - amulet of magic regeneration
HPRegen  0.29/turn              T - +3 ring of intelligence
MPRegen  0.45/turn              z - +4 ring of evasion

@: lethally poisoned (-1 -> -3), repel missiles
A: high mp 1
a: no special abilities


You were on level 3 of the Spider Nest.
You were not hungry.

You visited 4 branches of the dungeon, and saw 26 of its levels.
You also visited: Gauntlet and Volcano.

You collected 2679 gold pieces.
You spent 673 gold pieces at shops.

Inventory:

Hand Weapons
 a - the +10 short sword "Othu" (weapon) {pain, rElec rPois Str+8 Int-3}
   (You found it on level 6 of the Dungeon)

   In the hands of one skilled in necromantic magic, it inflicts extra damage on
   living creatures.
   It affects your strength (+8).
   It affects your intelligence (-3).
   It insulates you from electricity.
   It protects you from poison.
 b - a +1 dagger of venom
 o - a +2 quick blade of draining
Missiles
 q - a boomerang of dispersal
 B - 28 poisoned darts (quivered)
 E - a throwing net
 V - 5 atropa-tipped darts
 W - 10 curare-tipped darts
Armour
 f - a +0 pair of gloves of archery (worn)
 j - a +0 buckler (worn)
 p - a +2 helmet of see invisible (worn)
 x - a +0 robe of resistance (worn)
 I - a scarf of repulsion (worn)
 J - a +2 pair of boots (worn)
Jewellery
 w - an amulet of magic regeneration (around neck)
 z - a +4 ring of evasion (right hand)
 T - a +3 ring of intelligence (left hand)
Wands
 H - a wand of flame (70)
 L - a wand of clouds (4)
 M - a wand of paralysis (30)
 R - a wand of polymorph (16)
 U - a wand of digging (7)
Scrolls
 k - 3 scrolls of fear
 l - 12 scrolls of remove curse
 s - a scroll of vulnerability
 t - 4 scrolls of fog
 F - 15 scrolls of teleportation
 K - a scroll of magic mapping
 N - 4 scrolls of identify
 P - 4 scrolls of blinking
 X - 3 scrolls of silence
Potions
 e - 11 potions of curing
 g - 2 potions of mutation
 h - 4 potions of brilliance
 i - a potion of resistance
 m - 2 potions of cancellation
 r - 2 potions of might
 y - 2 potions of magic
 C - a potion of berserk rage
 D - a potion of ambrosia
 G - 2 potions of invisibility
 O - 3 potions of flight
 Q - 6 potions of heal wounds
 S - 4 potions of agility
 Z - 2 potions of haste
Miscellaneous
 v - a lamp of fire
 A - a phantom mirror
Comestibles
 c - 38 rations


   Skills:
 - Level 7.0 Fighting
 + Level 9.7 Short Blades
 + Level 6.4 Throwing
 - Level 7.4 Dodging
 * Level 15.1 Stealth
 + Level 4.9 Shields
 + Level 5.2 Spellcasting
 - Level 2.0 Conjurations
 * Level 13.9 Hexes
 - Level 2.0 Charms
 - Level 6.0 Necromancy
 - Level 2.0 Translocations
 + Level 0.3 Transmutations
 - Level 5.0 Ice Magic
 + Level 0.1 Earth Magic


You couldn't memorise any spells.
You knew the following spells:

 Your Spells              Type           Power        Failure   Level  Hunger
a - Corona                Hex            ######.      1%          1    None
b - Ensorcelled Hibernat  Hex/Ice        ######       1%          2    None
c - Confuse               Hex            ######..     1%          3    #......
d - Tukima's Dance        Hex            ######..     1%          3    #......
e - Apportation           Tloc           ###...       3%          1    None
g - Dazzling Spray        Conj/Hex       ######       1%          3    #......
i - Invisibility          Hex            ######..     3%          6    ######.
p - Passwall              Tmut/Erth      #.......     10%         2    None
r - Regeneration          Chrm/Necr      ####......   4%          3    #......

Your spell library contained the following spells:

 Spells                   Type           Power        Failure   Level  Hunger
 Animate Skeleton         Necr           N/A          1%          1    None
 Confusing Touch          Hex            ######       1%          1    None
 Pain                     Necr           ####         1%          1    None
 Vampiric Draining        Necr           #####.....   1%          3    #......
 Sting                    Conj/Pois      ##..         4%          1    None
 Metabolic Englaciation   Hex/Ice        ######....   4%          5    #####..
 Beastly Appendage        Tmut           #.....       6%          1    None
 Animate Dead             Necr           N/A          6%          4    ###....
 Sandblast                Erth           #.....       7%          1    None
 Summon Butterflies       Summ           #.......     7%          1    None
 Summon Small Mammal      Summ           #...         7%          1    None
 Sticks to Snakes         Tmut           #.......     9%          2    None
 Lesser Beckoning         Tloc           ###.......   9%          3    #......
 Poisonous Vapours        Pois/Air       #.....       11%         2    None
 Silence                  Hex/Air        #####.....   11%         5    #####..
 Stone Arrow              Conj/Erth      ##....       13%         3    #......
 Mephitic Cloud           Conj/Pois/Air  ##......     16%         3    #......
 Spider Form              Tmut/Pois      #.........   19%         3    #......
 Ice Form                 Ice/Tmut       ###.....     22%         4    ###....
 Petrify                  Tmut/Erth      #.......     52%         4    ###....
 Olgreb's Toxic Radiance  Pois           #.......     56%         4    ###....
 Summon Lightning Spire   Summ/Air       #.......     56%         4    ###....
 Simulacrum               Ice/Necr       #####.....   73%         6    ######.
 Irradiate                Conj/Tmut      ##........   75%         5    #####..
 Venom Bolt               Conj/Pois      ##........   77%         5    #####..
 Ozocubu's Refrigeration  Ice            ####......   80%         6    ######.
 Blade Hands              Tmut           #.........   86%         5    #####..
 Alistair's Intoxication  Tmut/Pois      #.......     87%         5    #####..
 Lee's Rapid Deconstruct  Erth           #.........   88%         5    #####..
 Bolt of Cold             Conj/Ice       ####......   94%         6    ######.
 Freezing Cloud           Conj/Ice/Air   ###.......   99%         6    ######.
 Conjure Ball Lightning   Conj/Air       ##........   100%        6    ######.
 Deflect Missiles         Chrm/Air       ##........   100%        6    ######.
 Hydra Form               Tmut           #.........   100%        6    ######.
 Statue Form              Tmut/Erth      #........    100%        6    ######.
 Dragon Form              Tmut           #.........   100%        7    #######
 Tornado                  Air            #.........   100%        9    #######


Dungeon Overview and Level Annotations

Branches:
Dungeon (15/15)            Temple (0/1) D:5            Lair (6/6) D:8
  Swamp (0/4) Lair:2       Spider (3/4) Lair:4        Slime (0/5) Lair:6
    Orc (2/2) D:10            Elf (0/3) Orc:2        Vaults (0/5) D:13
 Depths (0/5) D:15        Volcano (visited)         Gauntlet (visited)

Shops:
D:15 *   Orc:1 *   Orc:2 (*%[

Annotations:
D:8 exclusion: hydra
Lair:2 3 runed translucent doors, exclusion: 2 oklob plants, mopl's ghost, journeyman DEAs


Innate Abilities, Weirdness & Mutations

You have an increased reservoir of magic. (+10% MP)


Message History

The wolf spider closely misses you. The wolf spider barely misses you.
The wolf spider misses you.
Unknown command.
Casting: Ensorcelled Hibernation (safe; 1% risk of failure)
Confirm with . or Enter, or press ? or * to list all spells.
Aiming: Ensorcelled Hibernation (safe; 1% risk of failure)
Press: ? - help, Shift-Dir - straight line, f/p - wolf spider
Aim: a wolf spider (chance to defeat MR: 72%)
The wolf spider struggles to resist.
You feel sick. The wolf spider completely misses you.
The wolf spider bites you but does no damage.
Casting: Ensorcelled Hibernation (safe; 1% risk of failure)
Confirm with . or Enter, or press ? or * to list all spells.
Aiming: Ensorcelled Hibernation (safe; 1% risk of failure)
Press: ? - help, Shift-Dir - straight line, f/p - wolf spider
Aim: a wolf spider (chance to defeat MR: 72%)
The wolf spider struggles to resist.
You feel sick. The wolf spider hits you!!
* * * LOW HITPOINT WARNING * * *
The wolf spider misses you. The wolf spider hits you!
You die...

#..≈≈≈≈# .... .
..≈#≈≈ .^.. ≈≈
..≈≈≈ ≈#... .≈≈
#≈≈≈≈ ≈≈.. ≈≈≈
≈≈≈#≈≈≈#.. . ≈≈
≈≈#≈≈≈≈
...≈#.#.≈≈#≈≈#.
#...@.≈≈≈≈≈<
#.....ss≈≈≈≈≈≈
........#≈#≈≈#.
?.........≈≈.^.
......... ... .
...#....^......
.......... .##.
#.........#..


You could see a demonic crawler and a wolf spider.

Vanquished Creatures
  Rupert (D:15)
  Frances (Spider:1)
  Gastronok (Lair:3)
  Kirke (D:15)
  A fire giant (D:15)
  An ironheart preserver (D:13)
  An entropy weaver (Spider:2)
  Nessos (Lair:4)
  A spark wasp (Lair:4)
  Azrael (D:15)
  A dire elephant (Lair:6)
  A minotaur (Gauntlet)
  An ogre mage (D:15)
  Fannar (D:11)
  7 hydras
  A catoblepas (Lair:6)
  A rakshasa (D:14)
  6 two-headed ogres
  4 centaur warriors
  7 death yaks
  A deep troll shaman (Lair:6)
  2 tengu warriors
  3 orc high priests
  Sonja (Lair:6)
  A sun demon (Volcano)
  A deep elf knight (D:14)
  2 unseen horrors (D:14)
  A deep elf archer (D:14)
  A lindwurm (Lair:6)
  4 orc knights
  Pikel (D:9)
  A necromancer (Lair:3)
  4 orb spiders
  6 orc sorcerers
  3 wolf spiders (Spider:1)
  12 ugly things
  Maurice (D:9)
  A cyclops (D:11)
  9 elephants
  2 torpor snails (Lair:6)
  3 black mambas
  2 molten gargoyles (Volcano)
  A smoke demon (Gauntlet)
  5 gargoyles
  5 spiny frogs
  A freezing wraith (D:15)
  7 komodo dragons
  An efreet (D:13)
  3 tengu conjurers
  2 demonic crawlers
  2 red devils
  2 meliai (D:13)
  4 polar bears
  A harpy zombie (D:15)
  9 trolls
  5 hornets
  11 jumping spiders
  A jumping spider (shapeshifter) (D:15)
  A meliai zombie (D:15)
  23 slime creatures
  13 hippogriffs
  A bog body (Lair:2)
  31 blink frogs
  10 dream sheep
  22 redbacks
  4 shadows
  5 wraiths
  48 yaks
  2 fire bats (Volcano)
  5 wyverns
  6 tarantellas
  2 fire elementals (D:15)
  3 hungry ghosts
  4 basilisks
  A steam dragon (D:11)
  7 vampire mosquitoes
  A warg (Orc:2)
  Edmund (D:4)
  Menkaure (D:7)
  5 hell hounds
  7 porcupines
  3 acid dragons
  13 water moccasins
  5 ice beasts
  21 orc warriors
  4 sky beasts
  4 slaves (D:8)
  An eye of draining (D:14)
  A hornet zombie (D:7)
  3 phantoms
  A necrophage (D:13)
  16 ogres
  18 crocodiles
  11 wolves
  3 centaurs
  5 big kobolds
  12 bullfrogs
  Blork the orc (D:6)
  2 earth elementals (D:15)
  A scorpion (D:10)
  21 killer bees
  A water moccasin skeleton (D:11)
  9 wights
  6 electric eels
  2 howler monkeys
  9 crimson imps
  5 centaur zombies
  4 lava snakes (Volcano)
  A quasit (D:6)
  4 bullfrog zombies
  4 centaur skeletons
  Crazy Yiuf (D:2)
  3 hounds
  9 orc priests
  2 jellies
  19 orc wizards
  3 bullfrog skeletons
  Ijyb (D:3)
  6 iguanas
  5 polar bear simulacra (Lair:3)
  7 worker ants
  2 yak simulacra (Lair:3)
  A wolf simulacrum (Lair:3)
  2 hound zombies
  2 hound skeletons
  10 adders
  14 gnolls
  7 shadow imps
  A white imp (D:7)
  An adder skeleton (D:9)
  A worm (D:3)
  3 dart slugs
  5 leopard geckos
  67 orcs
  A ball python (D:4)
  6 giant cockroaches
  14 goblins
  3 hobgoblins
  10 jackals
  2 quokkas
  4 bats
  9 frilled lizards
  26 kobolds
  2 quokka skeletons
  A quokka zombie (D:10)
  5 rats
  3 river rat simulacra (Lair:3)
  A plant (Lair:6)
815 creatures vanquished.

Vanquished Creatures (collateral kills)
  An orc priest (Orc:2)
1 creature vanquished.

Vanquished Creatures (others)
  A redback (Spider:1)
  A human (D:15)
  A dancing weapon (D:6)
  An orc (D:10)
  33 fungi
  23 plants
  2 withered plants (Gauntlet)
62 creatures vanquished.

Grand Total: 878 creatures vanquished

Notes
Turn   | Place    | Note
-------+----------+-------------------------------------------
     0 | D:1      | mopl the Demigod Enchanter began the quest for the Orb.
     0 | D:1      | Reached XP level 1. HP: 14/14 MP: 5/5
   367 | D:1      | Reached skill level 3 in Stealth
   367 | D:1      | Reached XP level 2. HP: 16/20 MP: 5/7
   374 | D:1      | Learned a level 2 spell: Ensorcelled Hibernation
  1082 | D:2      | Found a sacrificial altar of Ru.
  1128 | D:2      | Reached XP level 3. HP: 21/26 MP: 6/9
  1133 | D:2      | Learned a level 3 spell: Dazzling Spray
  1543 | D:2      | Found a runed translucent door.
  1544 | D:2      | Noticed Crazy Yiuf
  1714 | D:2      | Reached skill level 1 in Ice Magic
  1714 | D:2      | Reached XP level 4. HP: 33/33 MP: 6/10
  1754 | D:2      | Found an ancient bone altar of Kikubaaqudgha.
  2070 | D:3      | Noticed Ijyb
  2118 | D:3      | Killed Ijyb
  2413 | D:3      | Reached XP level 5. HP: 26/38 MP: 2/12
  2421 | D:3      | Learned a level 3 spell: Confuse
  2829 | D:3      | Reached skill level 1 in Conjurations
  2944 | D:3      | Found a hazy altar of Hepliaklqana.
  2944 | D:3      | Found an iron altar of Okawaru.
  3241 | D:2      | Killed Crazy Yiuf
  3241 | D:2      | Reached skill level 4 in Stealth
  3487 | D:4      | Reached XP level 6. HP: 41/45 MP: 7/13
  3580 | D:4      | Found Zin's Purification Station.
  3585 | D:4      | Found a glowing silver altar of Zin.
  3662 | D:4      | Bought a potion of curing for 90 gold pieces
  4015 | D:4      | Noticed Edmund
  4048 | D:4      | Killed Edmund
  4364 | D:4      | Found a sparkling altar of Nemelex Xobeh.
  4367 | D:4      | Found a burning altar of Makhleb.
  4370 | D:4      | Found a blossoming altar of Fedhas.
  4372 | D:4      | Found a sacrificial altar of Ru.
  4372 | D:4      | Found a basalt altar of Yredelemnul.
  4372 | D:4      | Found a snail-covered altar of Cheibriados.
  4377 | D:4      | Found a shattered altar of Ashenzari.
  4378 | D:4      | Found a radiant altar of Vehumet.
  4379 | D:4      | Found a bloodstained altar of Trog.
  4823 | D:4      | Reached XP level 7. HP: 33/50 MP: 6/16
  4926 | D:5      | Entered Level 5 of the Dungeon
  4985 | D:5      | Reached skill level 5 in Stealth
  5014 | D:5      | Learned a level 3 spell: Tukima's Dance
  5255 | D:5      | Reached skill level 1 in Short Blades
  5389 | D:5      | Found a staircase to the Ecumenical Temple.
  5561 | D:6      | Reached skill level 5 in Hexes
  5631 | D:6      | Found an ornate altar of the Wu Jian Council.
  5718 | D:6      | Reached XP level 8. HP: 56/57 MP: 15/17
  5758 | D:6      | Reached skill level 6 in Stealth
  5896 | D:6      | Noticed Blork the orc
  6021 | D:6      | Killed Blork the orc
  6231 | D:6      | Got a crystal short sword
  6232 | D:6      | Identified the +10 short sword "Othu" {pain, rElec rPois
                  | Str+8 Int-3} (You found it on level 6 of the Dungeon)
  6929 | D:7      | Reached skill level 7 in Stealth
  7125 | D:7      | Noticed Menkaure
  7130 | D:7      | Killed Menkaure
  7256 | D:7      | Reached XP level 9. HP: 62/62 MP: 18/18
  7795 | D:8      | Got a crude leather armour
  7817 | D:8      | Identified the +3 leather armour of Dawn {MR- Str+6} (You
                  | found it on level 8 of the Dungeon)
  7978 | D:8      | Reached skill level 8 in Stealth
  8178 | D:8      | Learned a level 3 spell: Regeneration
  8344 | D:8      | Noticed a six-headed hydra
  8388 | D:8      | Found a staircase to the Lair.
  8776 | D:9      | Noticed Pikel
  8875 | D:9      | Killed Pikel
  8875 | D:9      | Reached skill level 1 in Necromancy
  8875 | D:9      | Reached skill level 5 in Ice Magic
  8910 | D:9      | Reached skill level 1 in Shields
  8914 | D:9      | Noticed a two-headed ogre
  8929 | D:9      | Killed a two-headed ogre
  8929 | D:9      | Reached XP level 10. HP: 52/69 MP: 6/19
  8967 | D:9      | Noticed Maurice
  8989 | D:9      | Killed Maurice
  8997 | D:9      | Reached skill level 9 in Stealth
  9038 | D:9      | Found a shimmering blue altar of Sif Muna.
  9517 | D:10     | Entered Level 10 of the Dungeon
  9645 | D:10     | Reached skill level 5 in Short Blades
  9658 | D:10     | Learned a level 1 spell: Apportation
 10233 | D:10     | Found a shimmering altar of Xom.
 10416 | D:10     | Found a staircase to the Orcish Mines.
 10670 | D:10     | Reached skill level 10 in Stealth
 10733 | Orc:1    | Entered Level 1 of the Orcish Mines
 10747 | Orc:1    | Reached skill level 1 in Translocations
 10832 | Orc:1    | Found Tarchiara's Tempting Trifles.
 10840 | Orc:1    | Noticed an orc sorcerer
 10858 | Orc:1    | Killed an orc sorcerer
 10858 | Orc:1    | Reached XP level 11. HP: 74/74 MP: 20/20
 10868 | Orc:1    | Bought a scroll of teleportation for 36 gold pieces
 10868 | Orc:1    | Bought a scroll of torment for 90 gold pieces
 11041 | Orc:1    | Found a bloodstained altar of Trog.
 11231 | Orc:2    | Entered Level 2 of the Orcish Mines
 11721 | Orc:2    | Reached skill level 1 in Charms
 11759 | Orc:2    | Found a staircase to the Elven Halls.
 11879 | Orc:2    | Noticed an orc knight
 12044 | Orc:2    | Killed an orc knight
 12081 | Orc:2    | Noticed an orc high priest
 12085 | Orc:2    | Noticed an orc knight
 12092 | Orc:2    | Noticed an orc knight
 12100 | Orc:1    | Killed an orc knight
 12156 | Orc:1    | Killed an orc knight
 12165 | Orc:1    | Paralysed by an orc sorcerer for 2 turns
 12205 | Orc:2    | Paralysed by an orc sorcerer for 2 turns
 12298 | Orc:1    | Killed an orc high priest
 12335 | Orc:2    | Noticed an orc knight
 12451 | Orc:2    | Noticed an orc high priest
 12452 | Orc:2    | Killed an orc knight
 12452 | Orc:2    | Reached skill level 10 in Hexes
 12471 | Orc:1    | Killed an orc high priest
 12622 | Orc:2    | Noticed an orc high priest
 12641 | Orc:2    | Found Dumoem's Antique Armour Emporium.
 12641 | Orc:2    | Found Bin Suuk's Weapon Boutique.
 12702 | Orc:2    | Noticed a sixfirhy
 12702 | Orc:2    | Noticed a sun demon
 12755 | Orc:2    | Killed an orc high priest
 12755 | Orc:2    | Reached skill level 11 in Stealth
 12757 | Orc:2    | Found Daakhyuf's General Store.
 12757 | Orc:2    | Found Aplass's Food Emporium.
 12765 | Orc:2    | Bought a potion of cancellation for 104 gold pieces
 12765 | Orc:2    | Bought a scroll of teleportation for 39 gold pieces
 12765 | Orc:2    | Bought a scroll of silence for 97 gold pieces
 12768 | Orc:2    | Bought a pair of runed boots for 217 gold pieces
 12892 | Lair:1   | Entered Level 1 of the Lair of Beasts
 13133 | Lair:1   | Reached XP level 12. HP: 66/82 MP: 17/22
 13146 | Lair:1   | Reached skill level 1 in Fighting
 13483 | Lair:2   | Noticed a five-headed hydra
 13506 | Lair:2   | Noticed a four-headed hydra
 13552 | Lair:1   | Killed a four-headed hydra
 13653 | Lair:2   | Noticed mopl's ghost (journeyman DEAs)
 13654 | Lair:2   | Found a runed translucent gate.
 13654 | Lair:2   | Found a runed translucent gate.
 13654 | Lair:2   | Found a runed translucent gate.
 13654 | Lair:2   | Noticed a ten-headed hydra
 13654 | Lair:2   | Noticed a 12-headed hydra
 13808 | Lair:1   | Killed a five-headed hydra
 13851 | Lair:2   | Got an ichor-stained leather armour
 13862 | Lair:2   | Identified the cursed +1 leather armour of the Jabberwock
                  | {rElec MP-9 Str+3 Dex+6} (You found it on level 2 of the
                  | Lair of Beasts)
 13931 | Lair:2   | Got a brightly glowing helmet
 13938 | Lair:2   | Found a staircase to the Swamp.
 13955 | Lair:2   | Identified the +4 helmet "Rupla" {*Slow rPois Dex+4} (You
                  | found it on level 2 of the Lair of Beasts)
 14629 | Lair:3   | Noticed a six-headed hydra
 14638 | Lair:3   | Killed a six-headed hydra
 14739 | Lair:3   | Noticed Gastronok
 14814 | Lair:3   | Killed Gastronok
 14814 | Lair:3   | Reached skill level 12 in Stealth
 14901 | Lair:3   | Reached skill level 5 in Necromancy
 15059 | Lair:3   | Noticed a catoblepas
 15503 | Lair:4   | Reached skill level 5 in Spellcasting
 15571 | Lair:4   | Reached skill level 1 in Throwing
 15666 | Lair:4   | Reached XP level 13. HP: 47/94 MP: 11/24
 15694 | Lair:4   | Noticed Nessos
 15719 | Lair:4   | Killed Nessos
 15927 | Lair:4   | Found a hole to the Spider Nest.
 16095 | Lair:4   | Identified a scroll of acquirement
 16954 | Lair:6   | Entered Level 6 of the Lair of Beasts
 17111 | Lair:6   | Noticed Sonja
 17117 | Lair:6   | Killed Sonja
 17249 | Lair:6   | Reached skill level 13 in Stealth
 17255 | Lair:6   | Found a dark tunnel.
 17282 | Volcano  | Entered a volcano
 17469 | Volcano  | Found a radiant altar of Vehumet.
 17571 | Volcano  | Reached skill level 5 in Dodging
 17625 | Volcano  | Paralysed by an orc sorcerer for 4 turns
 18136 | Lair:6   | Found a viscous altar of Jiyva.
 18136 | Lair:6   | Found a staircase to the Slime Pits.
 18504 | Lair:5   | Reached XP level 14. HP: 105/105 MP: 22/25
 18912 | Lair:6   | Reached skill level 5 in Fighting
 19550 | D:11     | Noticed Fannar
 19963 | D:11     | Killed Fannar
 21582 | D:13     | Reached skill level 14 in Stealth
 21609 | D:13     | Found a gate to the Vaults.
 21609 | D:13     | Noticed an ironheart preserver
 21658 | D:13     | Killed an ironheart preserver
 21875 | D:13     | Learned a level 6 spell: Invisibility
 22144 | D:14     | Reached skill level 5 in Throwing
 22781 | D:14     | Identified the cursed +1 scale mail of Bad Feelings {Dex+3}
 22865 | D:14     | Reached XP level 15. HP: 115/115 MP: 13/26
 23605 | D:15     | Entered Level 15 of the Dungeon
 23605 | D:15     | Noticed Azrael
 23615 | D:15     | Killed Azrael
 23655 | D:15     | Found Riuqef's Pet Rocks.
 23821 | D:15     | Found a staircase to the Depths.
 23822 | D:15     | Noticed a fire giant
 23838 | D:15     | Found a gate leading to a gauntlet.
 23843 | Gauntlet | Entered a Gauntlet
 23843 | Gauntlet | Found a transporter.
 23843 | Gauntlet | Found a transporter.
 23844 | Gauntlet | Found the macabre finger necklace {rN+}
 23844 | Gauntlet | Found a transporter.
 23844 | Gauntlet | Found a transporter.
 23847 | Gauntlet | Found a transporter.
 23863 | Gauntlet | Found a transporter.
 23863 | Gauntlet | Found a transporter.
 23924 | Gauntlet | Found a transporter.
 23940 | Gauntlet | Found a transporter.
 23949 | Gauntlet | Found a transporter.
 23961 | Gauntlet | Found a transporter.
 23974 | Gauntlet | Found a transporter.
 24307 | Gauntlet | Identified the +4 morningstar "Res Zefe" {venom, rN+ Str+4}
 24469 | D:15     | Noticed Kirke
 24487 | D:15     | Killed a fire giant
 24519 | D:15     | Killed Kirke
 24555 | D:15     | Noticed Rupert
 24571 | D:15     | Killed Rupert
 25428 | Spider:1 | Entered Level 1 of the Spider Nest
 25915 | Spider:1 | Noticed Frances
 25939 | Spider:1 | Killed Frances
 25939 | Spider:1 | Reached skill level 15 in Stealth
 26210 | Spider:2 | Learned a level 2 spell: Passwall
 26343 | Spider:3 | Slain by a wolf spider

Levels and vault maps discovered:
D:1:      matt_arrival_los_fun, layout_basic, minmay_stone_trees_small,
          minmay_tromino_v4_c
D:2:      layout_basic, kiku_gazebo_pond_becter, first_ration,
          minmay_misc_feat_plants, hangedman_ru_absence, uniq_crazy_yiuf_cottage
D:3:      layout_loops_corners, gammafunk_temple_overflow_elements, uniq_ijyb
D:4:      layout_loops_ring, minitemple, zin_purify, uniq_edmund
D:5:      layout_rooms, minmay_temple_entry_purple_smoke
D:6:      layout_basic, lemuel_crystal_altar, kennysheep_cross_bottleneck,
          uniq_blork_the_orc
D:7:      layout_basic, serial_corexii_hall, corexii_hall_statues_deadend,
          corexii_hall_statues_i, grunt_ogre_cave, serial_bayou_lagoon_a,
          minmay_fire_ice_demons, uniq_menkaure
D:8:      layout_cave_pods, dpeg_oklobed_lair
D:9:      layout_cave_pools, nicolae_overflow_crystal_walls, uniq_pikel,
          uniq_maurice
D:10:     layout_loops_ring, erik_orc_2, tgw_xom
D:11:     layout_big_octagon, uniq_fannar
D:12:     layout_irregular_city, nrook_mini_vaults
D:13:     layout_roguey, skrybe_vaults_entry_preservation
D:14:     layout_irregular_city, minmay_shattered_shrine
D:15:     grunt_enter_depths_giant_problem, layout_loops_ring,
          gauntlet_entry_generic, guppyfry_shop_earth, uniq_azrael, uniq_kirke,
          uniq_rupert
Lair:1:   layout_cave_shapes, lemuel_fruit_tree
Lair:2:   layout_chaotic_city, skrybe_swamp_entry_bodies,
          gammafunk_ghost_hydra_chop, st_stairs_10, minmay_lair_oklob_chamber,
          serial_bayou_shore_b, grunt_megastairs_4
Lair:3:   layout_regular_city, eino_house_with_fridge, serial_bayou_shore_a,
          lemuel_fruit_fields, uniq_gastronok
Lair:4:   layout_hall_layers, nicolae_spider_entry_tight_spaces,
          beast_lair_carwin_1, infiniplex_staircase_pool_2, uniq_nessos
Lair:5:   layout_roguey, lemuel_fruit_fields, lemuel_fruit_fields
Lair:6:   grunt_lair_end_beastmaster, layout_misc_corridors,
          dpeg_slime_entry_enclosed_altar, nicolae_volcano_entry_vermiform,
          uniq_sonja
Spider:1: layout_spider_delve, uniq_frances
Spider:2: spiders_nest_a, nicolae_spider_cling_halls
Spider:3: layout_spider_delve, uniq_roxanne
Orc:1:    layout_caves, nicolae_alphabet_shops, trog_butcher_becter
Orc:2:    grunt_orc_tribal_feast, layout_caves

Skill      XL: |  1  2  3  4  5  6  7  8  9 10 11 12 13 14 15 |
---------------+----------------------------------------------+-----
Spellcasting   | 2 3 4 5 |  5.2
Stealth        | 3 4 5 7 8 10 11 12 13 14 15 | 15.1
Hexes          | 3 4 5 6 8 9 10 11 12 13 | 13.9
Ice Magic      | 1 2 3 4 5 |  5.0
Conjurations   | 1 2 |  2.0
Short Blades   | 2 3 4 5 6 7 8 9 |  9.7
Necromancy     | 1 3 4 5 6 |  6.0
Shields        | 1 3 4 |  4.9
Translocations | 1 2 |  2.0
Charms         | 2 |  2.0
Dodging        | 2 3 5 6 7 |  7.4
Fighting       | 3 4 6 7 |  7.0
Throwing       | 1 3 5 6 |  6.4
Transmutations | |  0.3
Earth Magic    | |  0.1

Action                   |  1- 3 |  4- 6 |  7- 9 | 10-12 | 13-15 || total
-------------------------+-------+-------+-------+-------+-------++-------
Melee: Dagger            |   111 |   187 |    45 |    89 |   103 ||   535
       Rapier            |       |       |   176 |   279 |       ||   455
       Short sword       |       |       |    60 |   144 |   951 ||  1155
       Quick blade       |       |       |       |       |     9 ||     9
Throw: Dart              |       |       |     2 |     4 |    28 ||    34
       Javelin           |       |       |       |       |    18 ||    18
 Cast: Corona            |     4 |       |     3 |     2 |     7 ||    16
       Ensorcelled Hiber |    23 |    55 |    57 |   178 |   306 ||   619
       Confuse           |       |    17 |    14 |    63 |    89 ||   183
       Dazzling Spray    |       |     3 |     5 |    23 |    26 ||    57
       Tukima's Dance    |       |       |     4 |     3 |       ||     7
       Regeneration      |       |       |     1 |    97 |   106 ||   204
       Apportation       |       |       |       |       |     1 ||     1
       Invisibility      |       |       |       |       |     4 ||     4
       Passwall          |       |       |       |       |     1 ||     1
Evoke: Wand              |       |       |       |     2 |     3 ||     5
       Lamp of fire      |       |       |       |       |     1 ||     1
  Use: Scroll            |     2 |     5 |     1 |     7 |    24 ||    39
       Potion            |       |       |       |       |     6 ||     6
 Stab: Sleeping          |    20 |    37 |    51 |   132 |   216 ||   456
       Confused          |       |     8 |     6 |    27 |    52 ||    93
       Distracted        |       |     1 |       |     1 |     4 ||     6
       Invisible         |       |       |     1 |     1 |    23 ||    25
       Paralysed         |       |       |       |     2 |       ||     2
       Petrifying        |       |       |       |       |     1 ||     1
       Petrified         |       |       |       |       |     1 ||     1
  Eat: Chunk             |     4 |    12 |    10 |    22 |    33 ||    81
       Ration            |       |       |     2 |     3 |     3 ||     8
Armor: Robe              |    25 |    22 |    31 |    50 |   104 ||   232
Dodge: Dodged            |    80 |    82 |   184 |   293 |   738 ||  1377
       Deflected         |       |       |       |       |    14 ||    14
Block: Buckler           |       |       |     4 |    97 |   210 ||   311
